 Dungeon Crawl Stone Soup version 0.27.1-34-g3ba077fa99 (webtiles) character file.

Game seed: 13067559222893531592

37 mcbry74 the Cudgeller (level 3, -6/35 HPs)
             Began as a Troll Gladiator on Jan 22, 2022.
             Mangled by Crazy Yiuf (9 damage)
             ... on level 2 of the Dungeon.
             The game lasted 00:02:01 (642 turns).

mcbry74 the Cudgeller (Troll Gladiator)              Turns: 642, Time: 00:02:03

Health: -6/35      AC:  4    Str: 23    XL:     3   Next: 23%
Magic:  0/2        EV: 15    Int:  4    God:
Gold:   37         SH:  0    Dex: 11    Spells: 2/2 levels left

rFire    . . .     SeeInvis .   a - +0 flail
rCold    . . .     Faith    .   (no shield)
rNeg     . . .     Spirit   .   b - +0 robe
rPois    .         Reflect  .   c - +0 hat
rElec    .         Harm     .   (no cloak)
rCorr    .         Rampage  .   (gloves unavailable)
Will     .....                  (boots unavailable)
Stlth    +.........             (no amulet)
HPRegen  1.11/turn              (no ring)
MPRegen  0.08/turn              (no ring)

@: agile
A: large, unfitting armour, claws 3, regeneration 1, shaggy fur 1, tough skin 1
a: no special abilities


You were on level 2 of the Dungeon.
You visited 1 branch of the dungeon, and saw 2 of its levels.

You collected 37 gold pieces.

Inventory:

Hand Weapons
 a - a +0 flail (weapon)
Missiles
 d - 3 throwing nets (quivered)
 g - 19 poisoned darts
Armour
 b - a +0 robe (worn)
 c - a +0 hat (worn)
Scrolls
 e - a scroll of teleportation {unknown}
 f - a scroll of holy word {unknown}


   Skills:
 + Level 1.7 Fighting
 + Level 3.2 Maces & Flails
 + Level 1.9 Throwing
 + Level 3.0 Dodging


You had 2 spell levels left.
You didn't know any spells.
Your spell library was empty.

Dungeon Overview and Level Annotations

Branches:
Dungeon (2/15)

Altars:

Annotations:
D:2 Crazy Yiuf


Innate Abilities, Weirdness & Mutations

You are too large for most types of armour.
You have claws for hands.
Your natural rate of healing is unusually fast.
You are covered in fur. (AC +1)
You have tough skin. (AC +1)


Message History

You see here a rat corpse.
A rat comes into view.
The rat bites you but does no damage.
You hit the rat.
The rat is severely wounded.
The rat bites you but does no damage.
You hit the rat.
You kill the rat!
You see here a rat corpse.
You see here a rat corpse.
Done exploring.
Done exploring.
There is a stone staircase leading down here.
You climb downwards.
There is a stone staircase leading up here.
Found a mace.
Found a runed translucent door.
As you open the door, it creaks loudly!
Crazy Yiuf yells, "Mama!"
You hit Crazy Yiuf but do no damage.
Crazy Yiuf hits you with a +4 quarterstaff of chaos!
You feel your power leaking away. Crazy Yiuf completely misses you.
You barely miss Crazy Yiuf.
Crazy Yiuf hits you with a +4 quarterstaff of chaos!
* * * LOW HITPOINT WARNING * * *
Crazy Yiuf burns you.
* * * LOW HITPOINT WARNING * * *
You hit Crazy Yiuf.
Crazy Yiuf is lightly wounded.
Crazy Yiuf hits you with a +4 quarterstaff of chaos.
* * * LOW HITPOINT WARNING * * *
You feel agile all of a sudden.
You hit Crazy Yiuf but do no damage.
Crazy Yiuf is lightly wounded.
Crazy Yiuf closely misses you.
You barely miss Crazy Yiuf.
Crazy Yiuf is lightly wounded.
Crazy Yiuf closely misses you.
Crazy Yiuf hits you with a +4 quarterstaff of chaos!
You die...

##### #)..#
#...# ...
#g# ♣@♣♣
♣♣.♣ #.#
♣.♣♣ #..
♣♣.♣ #.#
♣♣.♣♣ #.#
♣♣...♣ #.#
♣....♣ #.#
#....# #.#
###....###.#


You could see Crazy Yiuf.

Vanquished Creatures
  3 dart slugs (D:1)
  3 bats (D:1)
  2 endoplasms (D:1)
  A giant cockroach (D:1)
  3 goblins (D:1)
  5 hobgoblins (D:1)
  A kobold (D:1)
  3 quokkas (D:1)
  A frilled lizard (D:1)
  7 rats (D:1)
29 creatures vanquished.

Notes
Turn   | Place    | Note
-------+----------+-------------------------------------------
     0 | D:1      | mcbry74 the Troll Gladiator began the quest for the Orb.
     0 | D:1      | Reached XP level 1. HP: 19/19 MP: 0/0
   147 | D:1      | Reached XP level 2. HP: 27/27 MP: 1/1
   234 | D:1      | Found a faded altar of an unknown god.
   441 | D:1      | Reached XP level 3. HP: 35/35 MP: 2/2
   633 | D:2      | Found a runed translucent door.
   634 | D:2      | Noticed Crazy Yiuf
   640 | D:2      | HP: 1/35 [Crazy Yiuf (3)]
   642 | D:2      | Mangled by Crazy Yiuf

Illustrated notes

Levels and vault maps discovered:
D:1:      grunt_arrival_lava_bath, layout_loops_cross,
          hellmonk_ecumenical_altar_crossroads
D:2:      layout_basic, serial_bayou, serial_bayou_crossing,
          serial_bayou_pond_d, serial_bayou_shore_a, serial_bayou_lake_a,
          serial_bayou_pond_b, minmay_stone_trees_medium, minmay_door_square,
          chequers_serial_rivers_micro_e, hex_medium, minmay_misc_feat_plants,
          chequers_serial_rivers_small_b, kennysheep_nub, uniq_jessica,
          uniq_crazy_yiuf_cottage

Skill      XL: |  1  2 |
---------------+-------+-----
Maces & Flails | 3 |  3.2
Dodging        | 3 |  3.0
Fighting       | |  1.7
Throwing       | |  1.9

Action                   || total
-------------------------++-------
Melee: Flail             ||    82
Armor: Robe              ||    32
Dodge: Dodged            ||    41
